 Dungeon Crawl Stone Soup version 0.21.1-1-g345015f (webtiles) character file.

644 zishaf the Sneak (level 7, -2/57 HPs)
             Began as a Naga Fire Elementalist on May 18, 2018.
             Was a Follower of Okawaru.
             Slain by Pikel
             ... wielding a +1 whip of electrocution
              (6 damage)
             ... on level 5 of the Dungeon.
             The game lasted 00:24:32 (6365 turns).

zishaf the Sneak (Naga Fire Elementalist)           Turns: 6365, Time: 00:24:34

Health: -2/57      AC:  7    Str: 10    XL:     7   Next: 52%
Magic:  9/12       EV: 13    Int: 22    God:    Okawaru [*.....]
Gold:   281        SH:  0    Dex: 12    Spells: 3/12 levels left

rFire    . . .     SeeInvis +   s - -3 quarterstaff (curse)
rCold    . . .     Gourm    .   (shield currently unavailable)
rNeg     . . .     Faith    .   a - +0 robe
rPois    +         Spirit   .   (no helmet)
rElec    .         Reflect  .   C - +0 cloak
rCorr    .         Harm     .   p - +1 pair of gloves
MR       .....                  (no barding)
Stlth    ++++......             (no amulet)
HPRegen  0.19/turn              (no ring)
MPRegen  0.13/turn              (no ring)

@: brilliant, heroism, very slow
A: large, see invisible, deformed body, poison resistance, slowness 2, slow
metabolism 1, spit poison 1, AC +2
a: Spit Poison, Heroism, Renounce Religion


You were on level 5 of the Dungeon.
You worshipped Okawaru.
Okawaru was aware of your devotion.
You were not hungry.

You visited 1 branch of the dungeon, and saw 5 of its levels.

You collected 281 gold pieces.

Inventory:

Hand Weapons
 i - a +2 dagger of protection
 s - a cursed -3 quarterstaff (weapon)
Armour
 a - a +0 robe (worn)
 p - a +1 pair of gloves (worn)
 C - a +0 cloak (worn)
Magical Staves
 A - an uncursed staff of wizardry {unknown}
Wands
 k - a wand of acid (10)
 n - a wand of flame (30)
 t - a wand of clouds (5)
 w - a wand of digging (6)
Scrolls
 d - 2 scrolls of magic mapping
 j - 2 scrolls of teleportation
 l - 2 scrolls of noise
 q - 2 scrolls of random uselessness
 r - a scroll of fear
 u - a scroll of amnesia
 v - a scroll of enchant armour
Potions
 e - a potion of degeneration {unknown}
 g - 2 potions of agility
 h - 2 potions of brilliance
 m - a potion of might
 o - a potion of curing
 x - a potion of heal wounds {unknown}
 z - a potion of flight
Books
 b - a book of Flames

   Spells                             Type                      Level
   a - Flame Tongue                   Conjuration/Fire             1
   b - Throw Flame                    Conjuration/Fire             2
   c - Conjure Flame                  Conjuration/Fire             3
   d - Inner Flame                    Hexes/Fire                   3
   e - Sticky Flame                   Conjuration/Fire             4
   f - Fireball                       Conjuration/Fire             5
 y - Jorreg's Grimoire of Helpful Transmutation
   (You found it on level 4 of the Dungeon)

   Spells                             Type                      Level
   a - Beastly Appendage              Transmutation                1
   b - Swiftness                      Charms/Air                   2
   c - Song of Slaying                Charms                       2
   d - Sticks to Snakes               Transmutation                2
   e - Alistair's Intoxication        Transmutation/Poison         5
   f - Hydra Form                     Transmutation                6
 B - a book of Maledictions

   Spells                             Type                      Level
   a - Corona                         Hexes                        1
   b - Ensorcelled Hibernation        Hexes/Ice                    2
   c - Confuse                        Hexes                        3
   d - Tukima's Dance                 Hexes                        3
   e - Dazzling Spray                 Conjuration/Hexes            3
Comestibles
 c - 7 rations


   Skills:
 - Level 1.0(6.0) Fighting
 - Level 1.0(6.0) Short Blades
 - Level 1.5(6.5) Dodging
 - Level 5.0(10.0) Stealth
 * Level 3.4 Spellcasting
 * Level 4.6 Conjurations
 + Level 1.0 Hexes
 - Level 5.0 Fire Magic
 + Level 1.0 Ice Magic


You had 3 spell levels left.
You knew the following spells:

 Your Spells              Type           Power        Failure   Level  Hunger
a - Flame Tongue          Conj/Fire      #####        1%          1    None
b - Throw Flame           Conj/Fire      #####.       1%          2    ##.....
c - Sticky Flame          Conj/Fire      #####...     1%          4    ####...
d - Ensorcelled Hibernat  Hex/Ice        ###...       1%          2    ##.....


Dungeon Overview and Level Annotations

Branches:
Dungeon (4/15)
 Temple: D:4-7

Altars:
Okawaru
Trog

Shops:
D:4 %

Annotations:
D:5 Pikel


Innate Abilities, Weirdness & Mutations

You cannot wear boots.
Your serpentine skin is tough. (AC +2)
You have supernaturally acute eyesight. (SInv)
Armour fits poorly on your strangely shaped body.
Your system is resistant to poisons. (rPois)
You cover ground very slowly.
You have a slow metabolism.
You can spit poison.


Message History

The crimson imp blinks!
The slave completely misses you. The slave barely misses you.
The slave barely misses you. The slave hits you.
* * * LOW HITPOINT WARNING * * *
Pikel says, "I just want to get paid!"
You gain the combat prowess of a mighty hero.
The slave hits you.
* * * LOW HITPOINT WARNING * * *
It was a potion of brilliance.
You feel clever all of a sudden. The slave closely misses you.
The slave hits you but does no damage. Pikel barely misses you.
The slave hits you but does no damage.
It was a potion of curing.
You feel better. The slave hits you.
* * * LOW HITPOINT WARNING * * *
The slave hits you.
* * * LOW HITPOINT WARNING * * *
The slave hits you.
* * * LOW HITPOINT WARNING * * *
Pikel hits you with a whip of electrocution.
You die...

######## ### ### ### #.##.#.# #.#
#.# #.##
####.##.#.##########.####.# #...
........................#.# #.##
..........##########.##.#.# #.##
####.##.#.########+#.##.#.####...
................pp...............
####............@p5..............
............###.pK........####.##
####.##.#.#.###..................
####............................p
#..####.#.#.#####.........####...
...#<.....#.#...#.........####...
...#).......+...+................
...#......#.#...#....#.....###...
...(............+..........+.....


You could see Pikel, 4 slaves and a crimson imp.

Vanquished Creatures
  An ogre (D:5)
  A centaur (D:5)
  The ghost of petzl the Sneak, an amateur OpWn (D:3)
  2 hounds
  A centaur skeleton (D:4)
  Ijyb (D:3)
  An orc wizard (D:4)
  3 worker ants (D:4)
  8 adders
  A shadow imp (D:4)
  An ooze (D:5)
  An adder skeleton (D:2)
  2 worms
  4 dart slugs
  3 leopard geckos
  4 orcs
  8 giant cockroaches
  14 goblins
  8 hobgoblins
  5 jackals (D:1)
  8 kobolds
  A quokka (D:4)
  3 ball pythons
  10 bats
  5 frilled lizards
  12 rats
109 creatures vanquished.

Notes
Turn   | Place    | Note
-------+----------+-------------------------------------------
     0 | D:1      | zishaf the Naga Fire Elementalist began the quest for the Orb.
     0 | D:1      | Reached XP level 1. HP: 15/15 MP: 3/3
   224 | D:1      | Reached XP level 2. HP: 22/22 MP: 1/5
   228 | D:1      | Learned a level 2 spell: Throw Flame
   298 | D:1      | HP: 1/22 [jackal (3)]
  1033 | D:1      | Found a bloodstained altar of Trog.
  1226 | D:1      | Reached XP level 3. HP: 23/28 MP: 2/6
  2305 | D:2      | Reached XP level 4. HP: 32/36 MP: 0/8
  2482 | D:2      | Found an iron altar of Okawaru.
  2623 | D:2      | Became a worshipper of Warmaster Okawaru
  3410 | D:3      | Noticed Ijyb
  3411 | D:3      | Noticed petzl's ghost (amateur OpWn)
  3416 | D:3      | Killed Ijyb
  3416 | D:3      | Reached XP level 5. HP: 15/42 MP: 4/9
  3746 | D:2      | Learned a level 4 spell: Sticky Flame
  3854 | D:3      | Killed petzl's ghost
  3854 | D:3      | Reached skill level 1 in Fighting
  3854 | D:3      | Reached skill level 1 in Short Blades
  4027 | D:3      | Reached XP level 6. HP: 48/51 MP: 6/10
  4707 | D:4      | Found Ruor Bemp's Food Shop.
  4724 | D:4      | Reached skill level 5 in Stealth
  5421 | D:4      | Identified Jorreg's Grimoire of Helpful Transmutation
  5572 | D:4      | Reached XP level 7. HP: 56/57 MP: 6/11
  5763 | D:4      | You fall through a shaft!
  5763 | D:5      | Entered Level 5 of the Dungeon
  5798 | D:5      | Learned a level 2 spell: Ensorcelled Hibernation
  5831 | D:5      | Reached skill level 5 in Fire Magic
  5844 | D:5      | Reached * piety under Okawaru
  5951 | D:5      | Reached skill level 1 in Hexes
  5951 | D:5      | Reached skill level 1 in Ice Magic
  6284 | D:5      | Noticed Pikel
  6365 | D:5      | Slain by Pikel

Skill      XL: |  1  2  3  4  5  6  7 |
---------------+----------------------+-----
Conjurations   | 2 3 4 |  4.6
Spellcasting   | 3 |  3.4
Fighting       | 1 |  1.0
Short Blades   | 1 |  1.0
Stealth        | 4 5 |  5.0
Fire Magic     | 4 5 |  5.0
Hexes          | 1 |  1.0
Ice Magic      | 1 |  1.0
Dodging        | |  1.5

Action                   |  1- 3 |  4- 6 |  7- 9 || total
-------------------------+-------+-------+-------++-------
Melee: Club              |    17 |       |       ||    17
       Dagger            |    15 |    19 |       ||    34
       Whip              |     7 |       |       ||     7
 Cast: Flame Tongue      |    42 |   128 |    12 ||   182
       Throw Flame       |     4 |     1 |     2 ||     7
       Ensorcelled Hiber |       |       |     3 ||     3
Invok: Heroism           |       |       |     1 ||     1
 Abil: Spit Poison       |    30 |    36 |     6 ||    72
  Use: Scroll            |       |    10 |     1 ||    11
       Potion            |       |       |     2 ||     2
 Stab: Sleeping          |     2 |       |       ||     2
  Eat: Chunk             |     5 |     6 |       ||    11
       Ration            |       |     2 |       ||     2
Armor: Robe              |    21 |    28 |     7 ||    56
Dodge: Dodged            |    45 |    48 |    17 ||   110
